 Dungeon Crawl Stone Soup version 0.29.1-4-g47bece8355 (webtiles) character file.

Game seed: 10398208018918639783

2 ChadusMaximus the Caller (level 1, -1/10 HPs)
             Began as a Deep Elf Summoner on Dec 5, 2022.
             Slain by a quokka (2 damage)
             ... on level 1 of the Dungeon.
             The game lasted 00:00:12 (285 turns).

ChadusMaximus the Caller (Deep Elf Summoner)         Turns: 285, Time: 00:00:13

Health: -1/10      AC:  2    Str:  5    XL:     1   Next: 33%
Magic:  4/6        EV: 12    Int: 19    God:
Gold:   0          SH:  0    Dex: 15    Spells: 5/6 levels left

rFire   . . .      SeeInvis .   (no weapon)
rCold   . . .      Faith    .   (no shield)
rNeg    . . .      Spirit   .   a - +0 robe
rPois   .          Reflect  .   (no helmet)
rElec   .          Harm     .   (no cloak)
rCorr   .          Rampage  .   (no gloves)
Will    .....                   (no boots)
Stlth   ++........              (no amulet)
HPRegen 0.03/turn               (no ring)
MPRegen 0.10/turn               (no ring)

@: no status effects
A: no striking features
a: no special abilities


You were on level 1 of the Dungeon.
You visited 1 branch of the dungeon, and saw 1 of its levels.

Inventory:

Armour
 a - a +0 robe (worn)
Potions
 b - a potion of magic


   Skills:
 + Level 2.5 Dodging
 + Level 2.5 Stealth
 + Level 3.0 Spellcasting
 + Level 4.4 Summonings


You had 5 spell levels left.
You knew the following spells:

 Your Spells              Type           Power      Damage    Failure   Level
a - Summon Small Mammal   Summ           76%        N/A       2%          1

Your spell library contained the following spells:

 Spells                   Type           Power      Damage    Failure   Level
 Call Imp                 Summ           19%        N/A       3%          2
 Call Canine Familiar     Summ           19%        N/A       8%          3
 Summon Guardian Golem    Hex/Summ       11%        N/A       19%         3
 Summon Lightning Spire   Summ/Air       11%        N/A       52%         4


Dungeon Overview and Level Annotations

Branches:
Dungeon (1/15)

Altars:


Message History

Your bat hits the dart slug but does no damage.
Your bat hits the dart slug. The dart slug bites your bat.
Your bat dies!
Your bat's corpse disappears in a puff of smoke!
Your quokka bites the dart slug.
The dart slug dies!
Unknown command.
You start resting.
Magic restored.
Your quokka disappears in a puff of smoke!
You start resting.
HP restored.
A quokka comes into view.
A quokka is nearby!
Sorry, you're not good enough to have a special ability.
Casting: Summon Small Mammal (safe; 2% risk of failure)
Confirm with . or Enter, or press ? or * to list all spells.
Sorry, you're not good enough to have a special ability.
Casting: Summon Small Mammal (safe; 2% risk of failure)
Confirm with . or Enter, or press ? or * to list all spells.
You miscast Summon Small Mammal.
You are very lightly contaminated with residual magic.
Nothing appears to happen.
You swap places.
The quokka bites you.
You hit the quokka but do no damage. The quokka closely misses you.
You barely miss the quokka. The quokka bites you.
Your rat barely misses the quokka.
You are too injured to fight recklessly!
Your rat bites the quokka.
Casting: Summon Small Mammal (safe; 2% risk of failure)
Confirm with . or Enter, or press ? or * to list all spells.
The quokka bites you. x2
* * * LOW HITPOINT WARNING * * *
Your rat completely misses the quokka.
The quokka barely misses you.
Your rat misses the quokka.
Your magical contamination has completely faded away.
Your quokka bites the quokka.
The quokka attacks as you move away! The quokka closely misses you.
The quokka bites you.
You die...

#.# ##.# #.# #.#
#.# #.# #.# #.#
#.# #.# #.# #.#
#######.# #.#
........#######.#
#.......r.rr@...#
#.###############


You could see a quokka (ally target), a friendly quokka (summoned) and a
friendly rat (summoned).

Vanquished Creatures (collateral kills)
  A dart slug (D:1)
1 creature vanquished.

Notes
Turn   | Place    | Note
-------+----------+-------------------------------------------
     0 | D:1      | ChadusMaximus the Deep Elf Summoner began the quest for the
                  | Orb.
     0 | D:1      | Reached XP level 1. HP: 10/10 MP: 6/6
   285 | D:1      | Slain by a quokka

Illustrated notes

Levels and vault maps discovered:
D:1:      dpeg_arrival_pond, layout_loops_ring, basic_ecumenical_altar,
          serial_shops, shop

Action                   || total
-------------------------++-------
Melee: Unarmed           ||     3
 Cast: Summon Small Mamm ||     6
 Stab: Sleeping          ||     1
Armor: Robe              ||     1
Dodge: Dodged            ||     3
